cohdb
Replays
Latest Replays
All Replays
Popular Replays
Top Player Replays
Match Explorer
How It Works
Community
CoH3 Stats
Reddit
Sign in to upload your games and track your stats! →
Sign in with Steam
Match 42317533
Unlisted
Match 42317533
Overview
Messages
Build Orders
End
Pioneer Squad
Selects Breakthrough Battlegroup
Selects Assault Grenadiers
Construct Infanterie Kompanie
Grenadier Squad
Grenadier Squad
MG 42 Machine Gun Team
Infanterie Officer Quarters
Selects Breakthrough
Grenadier Squad
Construct Panzergrenadier Kompanie
Pioneer Squad
Pak 40 Anti-tank Gun Team
Selects Mechanized Assault Group
Breakthrough
GrW 34 Mortar Team
Support Elements
Nebelwerfer 42 Rocket Launcher Team
Mechanized Assault Group
Selects Rapid Production
赵天天001
xizi20
HulkSMASH
⚓️Ruby⚓
0
0
Comments
sign in to comment!
No comments posted yet!